 Dungeon Crawl Stone Soup version 0.26-a0-649-gf8c6c3aab7 (webtiles) character file.

Game seed: 2817833905461155903

67 djmy96 the Covert (level 3, -9/19 HPs)
             Began as a Spriggan Delver on Sept 28, 2020.
             Killed themself with a badly aimed iceblast (13 damage)
             ... on level 4 of the Dungeon.
             The game lasted 00:02:04 (1168 turns).

djmy96 the Covert (Spriggan Delver)                 Turns: 1168, Time: 00:02:06

Health: -9/19      AC:  2    Str:  8    XL:     3   Next: 98%
Magic:  4/4        EV: 19    Int: 11    God:
Gold:   28         SH:  0    Dex: 18    Spells: 2/2 levels left

rFire    . . .     SeeInvis +   a - +0 short sword
rCold    . . .     Faith    .   (shield restricted)
rNeg     . . .     Spirit   .   b - +0 robe
rPois    .         Reflect  .   (helmet restricted)
rElec    .         Harm     .   (no cloak)
rCorr    .         Rampage  .   (gloves unavailable)
MR       .....                  (boots unavailable)
Stlth    ++++......             (no amulet)
HPRegen  0.06/turn              (no ring)
MPRegen  0.09/turn              (no ring)

@: very quick
A: very small, unfitting armour, see invisible, speed 3
a: no special abilities


You were on level 4 of the Dungeon.
You visited 1 branch of the dungeon, and saw 2 of its levels.

You collected 28 gold pieces.

Inventory:

Hand Weapons
 a - a +0 short sword (weapon)
Armour
 b - a +0 robe (worn)
Wands
 g - a wand of digging (3)
 h - a wand of random effects (7)
Scrolls
 c - a scroll of fog
 d - a scroll of magic mapping
 e - 2 scrolls of fear
Potions
 f - a potion of haste
 i - a potion of flight {unknown}
 j - a potion of lignification {unknown}


   Skills:
 + Level 2.7 Fighting
 + Level 2.4 Short Blades
 + Level 3.3 Dodging
 + Level 8.8 Stealth


You had 2 spell levels left.
You didn't know any spells.
Your spell library contained the following spells:

 Spells                   Type           Power        Failure   Level
 Beastly Appendage        Tmut           #.....       34%         1
 Wereblood                Tmut           #.......     47%         2
 Spider Form              Tmut/Pois      #.........   71%         3
 Ice Form                 Ice/Tmut       #.......     98%         4
 Blade Hands              Tmut           #.........   100%        5


Dungeon Overview and Level Annotations

Branches:
Dungeon (5/15)
 Temple: D:4-7

Altars:

Shops:
D:5 !


Innate Abilities, Weirdness & Mutations

You are very small and have problems with some larger weapons.
You are too small for most types of armour.
You have supernaturally acute eyesight. (SInv)
You cover ground extremely quickly.


Message History

The bolt of negative energy hits the orc!!
The orc is drained!
You kill the orc!
The jackal closely misses you.
The jackal bites you but does no damage.
You hit the jackal but do no damage. The jackal misses you.
The jackal bites you.
* * * LOW HITPOINT WARNING * * *
You closely miss the jackal. The jackal bites you.
* * * LOW HITPOINT WARNING * * *
The jackal closely misses you.
Evoke which item? (* to show all) (? for menu, Esc to quit)
Aiming: Random Effects
Press: ? - help, Shift-Dir - straight line, f/p - jackal
Aim: a jackal (fast)
The mass of ice explodes!
The iceblast engulfs the jackal!
You kill the jackal!
The iceblast engulfs you!
Ouch! That really hurt!
You die...

.).. .... #.....# ...# ....
#.a.....#.....# .##
########......###...## ..#
##....##......####'###..a#
......+........$..........
......#.......(....>......
......#.........).$.......
##..####....####†##.##.######+#
##..####....####@##.##.####...#
#......................#......#
#..............<.......#......#
#.............................#
#...##...##'####.####........>#
#...#######.####(##############
..........#....#....#
..........#....#....#
......)...#....'....#


There were no monsters in sight!

Vanquished Creatures
  2 bullfrog skeletons (D:4)
  An adder skeleton (D:4)
  2 orcs (D:4)
  2 jackals (D:4)
  A frilled lizard (D:4)
8 creatures vanquished.

Notes
Turn   | Place    | Note
-------+----------+-------------------------------------------
     0 | D:5      | djmy96 the Spriggan Delver began the quest for the Orb.
     0 | D:5      | Reached XP level 1. HP: 11/11 MP: 2/2
     1 | D:5      | Noticed a worker ant
    24 | D:4      | Reached skill level 8 in Stealth
    24 | D:4      | Reached XP level 2. HP: 2/16 MP: 3/3
    24 | D:4      | Reached XP level 3. HP: 2/19 MP: 4/4
  1168 | D:4      | Killed themself with a badly aimed iceblast

Illustrated notes

Levels and vault maps discovered:
D:4:      layout_gridville
D:5:      wander_river, layout_gridville, minmay_temple_entry_glassed_door,
          serial_shops, shop_statue

Skill      XL: |  1 |
---------------+----+-----
Stealth        | 8 |  8.8
Fighting       | |  2.7
Short Blades   | |  2.4
Dodging        | |  3.3

Action                   || total
-------------------------++-------
Melee: Short sword       ||    45
Evoke: Wand              ||     2
 Stab: Sleeping          ||     2
       Distracted        ||     1
Armor: Robe              ||     3
Dodge: Dodged            ||    40

Table legend: (Time is in decaauts)
 A = Elapsed time spent in this place.
 B = Non-inter-level travel time spent in this place.
 C = Inter-level travel time spent in this place.
 D = Time resting spent in this place.
 E = Time spent auto-exploring this place.
 F = Levels seen in this place.
 G = Mean time per level.
                   A        B        C        D        E       F      G
               +--------+--------+--------+--------+--------+-----+--------+
         Total |   1048 |   1048 |      0 |    527 |    280 |   2 |  524.0 |
       Dungeon |   1048 |   1048 |      0 |    527 |    280 |   2 |  524.0 |
               +--------+--------+--------+--------+--------+-----+--------+

Top non-repeatable levels by time:
     D:4: 1043 daAuts
     D:5: 5 daAuts
